 Dungeon Crawl Stone Soup version 0.31-a0-818-ge7c7cf74f0 (webtiles) character file.

Game seed: 11547841676026302532

78 Kurtz the Chopper (level 4, 0/31 HPs)
             Began as an Octopode Fighter on Sept 23, 2023.
             Slain by a goblin
             ... wielding a +0 dagger
             ... led by Robin
              (4 damage)
             ... on level 2 of the Dungeon.
             The game lasted 00:01:00 (1221 turns).

Kurtz the Chopper (Octopode Fighter)                Turns: 1221, Time: 00:01:01

Health: 0/31       AC:  1    Str: 15    XL:     4   Next: 36%
Magic:  4/4        EV: 13    Int: 10    God:
Gold:   70         SH:  4    Dex: 13    Spells: 3/3 levels left

rFire   . . .        a - +0 war axe
rCold   . . .        b - +0 buckler
rNeg    . . .        (helmet restricted)
rPois   .            (no amulet)
rElec   .            (no ring)
rCorr   .            (no ring)
SInv    .            (no ring)
Will    .....        (no ring)
Stlth   ++           (no ring)
HPRegen 0.25/turn    (no ring)
MPRegen 0.09/turn    (no ring)
                     (no ring)

%: no passive effects
@: mighty
A: almost no armour, amphibious, 8 rings, camouflage 1, gelatinous body 1,
(nimble swimmer 1), tentacles
a: no special abilities


You were on level 2 of the Dungeon.
You visited 1 branch of the dungeon, and saw 2 of its levels.

You collected 70 gold pieces.

Inventory:

Hand Weapons
 a - a +0 war axe (weapon)
Armour
 b - a +0 buckler (worn)
Wands
 e - a wand of flame (5)
Scrolls
 d - 2 scrolls of identify {unknown}
 h - a scroll of fear {unknown}
 i - a scroll of poison {unknown}
 j - a scroll of amnesia {unknown}
 l - a scroll of teleportation {unknown}
 m - a scroll of butterflies {unknown}
 o - a scroll of blinking {unknown}
Potions
 f - a potion of heal wounds {unknown}
 k - a potion of mutation {unknown}
 n - a potion of haste {unknown}
 p - a potion of curing {unknown}


   Skills:
 - Level 3.0 Fighting
 * Level 4.5 Axes
 - Level 3.0 Dodging
 - Level 3.0 Shields


You had 3 spell levels left.
You didn't know any spells.
Your spell library was empty.

Dungeon Overview and Level Annotations

Branches:
Dungeon (2/15)

Altars:


Innate Abilities, Weirdness & Mutations

You cannot wear most types of armour.
You are amphibious.
You can wear up to eight rings at the same time.
Your skin changes colour to match your surroundings (Stealth+).
Your rubbery body absorbs attacks. (AC +1, EV +1)
((You are camouflaged when in or above water. (Stealth+)))
You have tentacles for arms and can constrict up to eight enemies at once.


Message History

Robin roars a battlecry!
The goblins go into a battle-frenzy!
The goblin misses you. The hobgoblin hits you!
The goblin hits you with a +0 dagger. You block the goblin's attack.
You are too injured to fight recklessly!
Unknown command.
You are too injured to fight recklessly!
Unknown command.
You closely miss the goblin. Your grab misses the goblin.
You barely miss the hobgoblin. You closely miss the goblin.
You block the hobgoblin's attack. The goblin closely misses you.
The goblin misses you.
Unknown command.
As you read the scroll labelled HENECUEKOI, it dissolves into smoke.
It was a scroll of fog.
The hobgoblin hits you but does no damage.
The goblin hits you with a +0 club.
* * * LOW HITPOINT WARNING * * *
You block the goblin's attack.
Unknown command.
You feel very mighty all of a sudden. The hobgoblin barely misses you.
The goblin misses you. The goblin closely misses you.
You slash the hobgoblin!
You kill the hobgoblin!
You completely miss the goblin. You hit the goblin.
You kill the goblin!
Robin flexes a bicep menacingly.
The goblin hits you with a +0 club.
* * * LOW HITPOINT WARNING * * *
You closely miss Robin. You grab Robin. You barely miss the goblin.
You slash the hobgoblin!
You kill the hobgoblin!
You constrict Robin. You block the goblin's attack.
Unknown command.
You slash Robin!
You kill Robin!
You barely miss the goblin. The goblin barely misses you.
You block the goblin's attack. The goblin hits you with a +0 dagger.
You die...

............ ########.#..
# #.. .# #..###### .#
#..#.§g@# .# #.#..#.§§g###
.# #. ..+.§§§§.# .#
#.##.#....#§#
.######....#....#.).?ggg.
#...................#....g
.# #####...#####.## ##..
.#########...+ ....
....†........## ..###


You could see 2 goblins.

Vanquished Creatures
  Robin (D:2)
  3 adders (D:2)
  3 worms (D:2)
  3 giant cockroaches (D:1)
  6 goblins
  5 hobgoblins
  3 jackals (D:1)
  2 quokkas (D:1)
  6 ball pythons
  2 bats (D:1)
  A frilled lizard (D:1)
  3 kobolds (D:1)
  A rat (D:1)
39 creatures vanquished.

Notes
Turn   | Place    | Note
-------+----------+-------------------------------------------
     0 | D:1      | Kurtz the Octopode Fighter began the quest for the Orb.
     0 | D:1      | Reached XP level 1. HP: 16/16 MP: 1/1
    67 | D:1      | Reached XP level 2. HP: 21/21 MP: 2/2
   140 | D:1      | Reached skill level 3 in Axes
   844 | D:2      | Reached XP level 3. HP: 26/26 MP: 3/3
  1041 | D:2      | Reached skill level 4 in Axes
  1177 | D:2      | Reached XP level 4. HP: 31/31 MP: 4/4
  1207 | D:2      | Noticed Robin
  1221 | D:2      | Killed Robin
  1221 | D:2      | Slain by a goblin

Illustrated notes

Levels and vault maps discovered:
D:1:      minmay_arrival_solitary_statue, layout_loops_ring, st_stairs_13
D:2:      layout_basic, uniq_robin

Skill      XL: |  1  2  3 |
---------------+----------+-----
Axes           | 3 4 |  4.5
Fighting       | |  3.0
Dodging        | |  3.0
Shields        | |  3.0

Action                     |  1- 3 |  4- 6 || total
---------------------------+-------+-------++-------
  Melee: War axe           |    54 |    14 ||    68
         Constrict         |    14 |     3 ||    17
         Tentacles         |    10 |     2 ||    12
         Punch             |     1 |       ||     1
    Use: Potion            |     3 |     1 ||     4
         Scroll            |       |     1 ||     1
   Stab: Sleeping          |     4 |       ||     4
 Armour: Skin              |    38 |    14 ||    52
  Dodge: Dodged            |    30 |    13 ||    43
  Block: Buckler           |    12 |     7 ||    19

Table legend: (Time is in decaauts)
 A = Elapsed time spent in this place.
 B = Non-inter-level travel time spent in this place.
 C = Inter-level travel time spent in this place.
 D = Time resting spent in this place.
 E = Time spent auto-exploring this place.
 F = Levels seen in this place.
 G = Mean time per level.
                   A        B        C        D        E       F      G
               +--------+--------+--------+--------+--------+-----+--------+
         Total |   1246 |   1209 |     37 |    297 |    702 |   2 |  623.0 |
       Dungeon |   1246 |   1209 |     37 |    297 |    702 |   2 |  623.0 |
               +--------+--------+--------+--------+--------+-----+--------+

Top non-repeatable levels by time:
     D:1: 836 daAuts
     D:2: 409 daAuts
